| TOP OF THE 1ST |
|
El Paso Chihuahuas batting - Pitching for Memphis Redbirds : RHP Parker Warr
|
|
Pitching: RHP Parker Warr
|
|
|
Batting: LHB Angel Mejia
|
0-0: Called Strike 0-1: Ball 1-1: SINGLE (Line Drive, 8RS, EV 94.4 MPH)
|
|
Batting: RHB Roberto Lemus
|
0-0: Fielders Choice at 2nd, 6-4 (Groundball, 6, EV 87.5 MPH)
|
|
Batting: LHB Aaron LeBlanc
|
0-0: Called Strike 0-1: Foul Ball, location: 2F 0-2: Ball 1-2: Foul Ball, location: 2F 1-2: Grounds into double play, 4-6-3 (Groundball, 34D, EV 96.9 MPH)
|
| Top of the 1st over - 0 runs, 1 hit, 0 errors, 0 left on base; El Paso 0 - Memphis 0 |
| BOTTOM OF THE 1ST |
|
Memphis Redbirds batting - Pitching for El Paso Chihuahuas : RHP Tom Ackerman
|
|
Pitching: RHP Tom Ackerman
|
|
|
Batting: RHB Joe Smack
|
0-0: Called Strike 0-1: Ball 1-1: Foul Ball, location: 2F 1-2: Strikes out swinging
|
|
Batting: SHB Dan Lash
|
0-0: Called Strike 0-1: Called Strike 0-2: SINGLE (Line Drive, 8LS, EV 103.8 MPH)
|
|
Batting: LHB Colin Worthington
|
0-0: Ball 1-0: Ball 2-0: Ball 3-0: Base on Balls Dan Lash to second
|
|
Batting: LHB Ronnie Ashley
|
0-0: Ball 1-0: Called Strike 1-1: Foul Ball, location: 2F 1-2: DOUBLE (Line Drive, 8LXD, EV 105.6 MPH) Dan Lash scores Colin Worthington to third Runner from 3rd tries for Home, SAFE, no throw by CF
|
|
Batting: RHB Danny Gallo
|
0-0: Ball 1-0: Ball 2-0: Ball 3-0: Foul Ball, location: 2F 3-1: Foul Ball, location: 2F 3-2: Foul Ball, location: 2F 3-2: Base on Balls
|
|
Batting: LHB John Bailey
|
0-0: Ball 1-0: Ball 2-0: Called Strike 2-1: Foul Ball, location: 2F 2-2: Foul Ball, location: 2F 2-2: Ball 3-2: Base on Balls Ronnie Ashley to third Danny Gallo to second
|
|
Batting: RHB Fabrice Bertin
|
0-0: Ball 1-0: Foul Ball, location: 2F 1-1: DOUBLE (Flyball, 8RXD, EV 93.1 MPH) Ronnie Ashley scores Danny Gallo scores John Bailey to third Runner from 3rd tries for Home, SAFE, throw by CF to trailing runner, OUT at third! 8-3-5
|
|
Batting: RHB Joe Alley
|
0-0: SINGLE (Groundball, 56, EV 104.4 MPH)
|
|
Batting: RHB Dan Boykins
|
0-0: Foul Ball, location: 2F 0-1: Foul Ball, location: 2F 0-2: Strikes out swinging
|
| Bottom of the 1st over - 5 runs, 4 hits, 0 errors, 1 left on base; El Paso 0 - Memphis 5 |
| TOP OF THE 2ND |
|
El Paso Chihuahuas batting - Pitching for Memphis Redbirds : RHP Parker Warr
|
|
Batting: RHB Jose Morrissey
|
0-0: Called Strike 0-1: Ball 1-1: Called Strike 1-2: Strikes out swinging
|
|
Batting: LHB Hugo MacBeth
|
0-0: Foul Ball, location: 2F 0-1: Ball 1-1: DOUBLE (Flyball, 8LXD, EV 98.8 MPH)
|
|
Batting: RHB Chase Briney
|
0-0: Foul Ball, location: 2F 0-1: Ball 1-1: Ball 2-1: Ball 3-1: Base on Balls
|
|
Batting: RHB Eric Sandell
|
0-0: Called Strike 0-1: Swinging Strike 0-2: Strikes out swinging
|
|
Batting: LHB Anthony Mosley
|
0-0: Called Strike 0-1: Called Strike 0-2: Strikes out looking
|
| Top of the 2nd over - 0 runs, 1 hit, 0 errors, 2 left on base; El Paso 0 - Memphis 5 |
| BOTTOM OF THE 2ND |
|
Memphis Redbirds batting - Pitching for El Paso Chihuahuas : RHP Tom Ackerman
|
|
Batting: RHB Joe Smack
|
0-0: Foul Ball, location: 2F 0-1: Ball 1-1: Swinging Strike 1-2: Strikes out swinging
|
|
Batting: SHB Dan Lash
|
0-0: Fly out, F5 (Line Drive, 5L, EV 65.0 MPH)
|
|
Batting: LHB Colin Worthington
|
0-0: Ball 1-0: Ball 2-0: Called Strike 2-1: Ground out 6-3 (Groundball, 6M, EV 82.5 MPH)
|
| Bottom of the 2nd over - 0 runs, 0 hits, 0 errors, 0 left on base; El Paso 0 - Memphis 5 |
| TOP OF THE 3RD |
|
El Paso Chihuahuas batting - Pitching for Memphis Redbirds : RHP Parker Warr
|
|
Batting: RHB Lamberto Amicis
|
0-0: Swinging Strike 0-1: Ball 1-1: Foul Ball, location: 2F 1-2: Foul Ball, location: 2F 1-2: Foul Ball, location: 2F 1-2: Foul Ball, location: 2F 1-2: Foul Ball, location: 2F 1-2: Strikes out swinging
|
|
Batting: LHB Angel Mejia
|
0-0: Ball 1-0: Ground out 4-3 (Groundball, 4, EV 85.0 MPH)
|
|
Batting: RHB Roberto Lemus
|
0-0: Called Strike 0-1: Swinging Strike 0-2: SINGLE (Groundball, 6D, EV 106.2 MPH)
|
|
Batting: LHB Aaron LeBlanc
|
0-0: Ball 1-0: Ball 2-0: Ball 3-0: Base on Balls Roberto Lemus to second
|
|
Batting: RHB Jose Morrissey
|
0-0: Ball 1-0: DOUBLE (Groundball, 5L, EV 93.8 MPH) Roberto Lemus scores Aaron LeBlanc to third Runner from 3rd tries for Home, SAFE, throw by LF to home
|
|
Batting: LHB Hugo MacBeth
|
0-0: Called Strike 0-1: Fly out, F3 (Line Drive, 4, EV 73.8 MPH)
|
| Top of the 3rd over - 2 runs, 2 hits, 0 errors, 1 left on base; El Paso 2 - Memphis 5 |
| BOTTOM OF THE 3RD |
|
Memphis Redbirds batting - Pitching for El Paso Chihuahuas : RHP Tom Ackerman
|
|
Batting: LHB Ronnie Ashley
|
0-0: Called Strike 0-1: Called Strike 0-2: Ball 1-2: Foul Ball, location: 2F 1-2: Ball 2-2: Foul Ball, location: 2F 2-2: Ball 3-2: Foul Ball, location: 2F 3-2: Base on Balls
|
|
Batting: RHB Danny Gallo
|
0-0: Called Strike 0-1: Foul Ball, location: 2F 0-2: Ball 1-2: Strikes out swinging
|
|
Batting: LHB John Bailey
|
0-0: Ball 1-0: Swinging Strike 1-1: Ball 2-1: Called Strike 2-2: Strikes out looking
|
|
Pitching: RHP Andy Temples
|
|
|
Batting: RHB Fabrice Bertin
|
0-0: Ball 1-0: Fielders Choice at 2nd, 5-4 (Groundball, 56, EV 86.2 MPH)
|
| Bottom of the 3rd over - 0 runs, 0 hits, 0 errors, 1 left on base; El Paso 2 - Memphis 5 |
| TOP OF THE 4TH |
|
El Paso Chihuahuas batting - Pitching for Memphis Redbirds : RHP Parker Warr
|
|
Batting: RHB Chase Briney
|
0-0: Swinging Strike 0-1: Ball 1-1: Ball 2-1: DOUBLE (Groundball, 5L, EV 108.1 MPH)
|
|
Batting: RHB Eric Sandell
|
0-0: Ball 1-0: Foul Ball, location: 2F 1-1: Foul Ball, location: 2F 1-2: Ball 2-2: Ground out 6-3 (Groundball, 6, EV 99.4 MPH)
|
|
Batting: LHB Anthony Mosley
|
0-0: Ground out 4-3 (Groundball, 4, EV 93.8 MPH) Chase Briney to third
|
|
Batting: RHB Lamberto Amicis
|
0-0: Ball 1-0: Ball 2-0: Fly out, F7 (Flyball, 7D, EV 85.0 MPH)
|
| Top of the 4th over - 0 runs, 1 hit, 0 errors, 1 left on base; El Paso 2 - Memphis 5 |
| BOTTOM OF THE 4TH |
|
Memphis Redbirds batting - Pitching for El Paso Chihuahuas : RHP Andy Temples
|
|
Batting: RHB Joe Alley
|
0-0: Ground out 6-3 (Groundball, 6, EV 89.4 MPH)
|
|
Batting: RHB Dan Boykins
|
0-0: Called Strike 0-1: Foul Ball, location: 2F 0-2: Strikes out swinging
|
|
Batting: RHB Joe Smack
|
0-0: Ball 1-0: Ball 2-0: Ground out 6-3 (Groundball, 6M, EV 85.0 MPH)
|
| Bottom of the 4th over - 0 runs, 0 hits, 0 errors, 0 left on base; El Paso 2 - Memphis 5 |
| TOP OF THE 5TH |
|
El Paso Chihuahuas batting - Pitching for Memphis Redbirds : RHP Parker Warr
|
|
Batting: LHB Angel Mejia
|
0-0: Ball 1-0: Ball 2-0: SINGLE (Groundball, 6S, EV 76.2 MPH) (infield hit)
|
|
Batting: RHB Roberto Lemus
|
0-0: Ball 1-0: Foul Ball, location: 2F 1-1: Swinging Strike 1-2: Ball 2-2: Strikes out swinging
|
|
Batting: LHB Aaron LeBlanc
|
0-0: Foul Ball, location: 2F 0-1: Swinging Strike 0-2: Ball 1-2: Ball 2-2: Strikes out swinging
|
|
Batting: RHB Jose Morrissey
|
0-0: Foul Ball, location: 2F 0-1: Called Strike 0-2: Foul Ball, location: 2F 0-2: Ground out 4-3 (Groundball, 4, EV 95.0 MPH)
|
| Top of the 5th over - 0 runs, 1 hit, 0 errors, 1 left on base; El Paso 2 - Memphis 5 |
| BOTTOM OF THE 5TH |
|
Memphis Redbirds batting - Pitching for El Paso Chihuahuas : RHP Andy Temples
|
|
Batting: SHB Dan Lash
|
0-0: Called Strike 0-1: Ball 1-1: Ball 2-1: Ball 3-1: Base on Balls
|
|
Batting: LHB Colin Worthington
|
0-0: Ball 1-0: SINGLE (Groundball, P, EV 93.1 MPH) (infield hit) Dan Lash to second
|
|
Batting: LHB Ronnie Ashley
|
0-0: Called Strike 0-1: Ball 1-1: Foul Ball, location: 2F 1-2: Strikes out swinging
|
|
Batting: RHB Danny Gallo
|
0-0: Ball 1-0: Fielders Choice at 2nd, 5-4 (Groundball, 5, EV 88.1 MPH) Dan Lash to third
|
|
Batting: LHB John Bailey
|
0-0: Ball 1-0: Ball 2-0: Called Strike 2-1: Ball 3-1: Base on Balls Danny Gallo to second
|
|
Batting: RHB Fabrice Bertin
|
0-0: Foul Ball, location: 2F 0-1: Swinging Strike 0-2: Ball 1-2: Ground out 5-3 (Groundball, 5S, EV 80.0 MPH)
|
| Bottom of the 5th over - 0 runs, 1 hit, 0 errors, 3 left on base; El Paso 2 - Memphis 5 |
| TOP OF THE 6TH |
|
El Paso Chihuahuas batting - Pitching for Memphis Redbirds : RHP Parker Warr
|
|
Batting: LHB Hugo MacBeth
|
0-0: Ball 1-0: Ball 2-0: SINGLE (Line Drive, 56, EV 93.8 MPH)
|
|
Batting: RHB Chase Briney
|
0-0: Swinging Strike 0-1: Swinging Strike 0-2: Ball 1-2: Strikes out swinging
|
|
Batting: RHB Eric Sandell
|
0-0: SINGLE (Groundball, 6MD, EV 95.6 MPH) Hugo MacBeth to second Runner from 2nd tries for 3rd, SAFE, throw by CF made to third
|
|
Batting: LHB Anthony Mosley
|
0-0: Ball 1-0: Swinging Strike 1-1: Ball 2-1: Ball 3-1: Called Strike 3-2: Strikes out swinging
|
|
Batting: RHB Lamberto Amicis
|
0-0: Called Strike 0-1: Ball 1-1: Called Strike 1-2: Strikes out looking
|
| Top of the 6th over - 0 runs, 2 hits, 0 errors, 2 left on base; El Paso 2 - Memphis 5 |
| BOTTOM OF THE 6TH |
|
Memphis Redbirds batting - Pitching for El Paso Chihuahuas : RHP Andy Temples
|
|
Batting: RHB Joe Alley
|
0-0: Swinging Strike 0-1: Swinging Strike 0-2: Foul Ball, location: 2F 0-2: Ball 1-2: Foul Ball, location: 2F 1-2: Ball 2-2: Ground out 5-3 (Groundball, 5S, EV 87.5 MPH)
|
|
Batting: RHB Dan Boykins
|
0-0: Ball 1-0: Ground out 5-3 (Groundball, 56, EV 103.1 MPH)
|
|
Batting: RHB Joe Smack
|
0-0: Ball 1-0: Ball 2-0: Ball 3-0: Called Strike 3-1: Foul Ball, location: 2F 3-2: Base on Balls
|
|
Batting: SHB Dan Lash
|
0-0: Ball 1-0: Swinging Strike 1-1: Ball 2-1: Ball Joe Smack steals 2nd base 3-1: Base on Balls
|
|
Batting: LHB Colin Worthington
|
0-0: Foul Ball, location: 2F 0-1: Called Strike 0-2: Ball 1-2: Ball 2-2: TRIPLE (Flyball, 89XD, EV 111.2 MPH) Joe Smack scores Dan Lash scores
|
|
Pitching: RHP Nate Ragain
|
|
|
Batting: LHB Ronnie Ashley
|
0-0: Ball 1-0: Ball 2-0: Foul Ball, location: 2F 2-1: Foul Ball, location: 2F 2-2: Foul Ball, location: 2F 2-2: Foul Ball, location: 2F 2-2: DOUBLE (Flyball, 8RXD, EV 103.1 MPH) Colin Worthington scores
|
|
Batting: RHB Danny Gallo
|
0-0: Foul Ball, location: 2F 0-1: Called Strike 0-2: Ground out 6-3 (Groundball, 6, EV 105.6 MPH)
|
| Bottom of the 6th over - 3 runs, 2 hits, 0 errors, 1 left on base; El Paso 2 - Memphis 8 |
| TOP OF THE 7TH |
|
El Paso Chihuahuas batting - Pitching for Memphis Redbirds : RHP Parker Warr
|
|
Pitching: RHP Sean Hartgrove
|
|
|
Batting: LHB Angel Mejia
|
0-0: Ball 1-0: Ground out 4-3 (Groundball, 4, EV 100.0 MPH)
|
|
Batting: RHB Roberto Lemus
|
0-0: Swinging Strike 0-1: Ball 1-1: Fly out, F8 (Line Drive, 78M, EV 91.2 MPH)
|
|
Batting: LHB Aaron LeBlanc
|
0-0: Foul Ball, location: 2F 0-1: Foul Ball, location: 2F 0-2: Ball 1-2: Strikes out swinging
|
| Top of the 7th over - 0 runs, 0 hits, 0 errors, 0 left on base; El Paso 2 - Memphis 8 |
| BOTTOM OF THE 7TH |
|
Memphis Redbirds batting - Pitching for El Paso Chihuahuas : RHP Nate Ragain
|
|
Batting: LHB John Bailey
|
0-0: Ball 1-0: Ground out 4-3 (Groundball, 4, EV 93.1 MPH)
|
|
Batting: RHB Fabrice Bertin
|
0-0: Ball 1-0: Ball 2-0: SINGLE (Groundball, 34D, EV 98.1 MPH)
|
|
Batting: RHB Joe Alley
|
0-0: Ball 1-0: Ball 2-0: Ball 3-0: Called Strike 3-1: Base on Balls Fabrice Bertin to second
|
|
Batting: RHB Dan Boykins
|
0-0: Called Strike 0-1: SINGLE (Line Drive, 89S, EV 88.1 MPH) Fabrice Bertin to third Joe Alley to second Runner from 3rd tries for Home, SAFE, throw by CF to home
|
|
Pitching: RHP Adrian de la Cerda
|
|
|
Batting: RHB Joe Smack
|
0-0: Ball 1-0: Ball 2-0: Ball 3-0: Fielders Choice at 2nd, 4-6 (Groundball, 34, EV 95.0 MPH) Joe Alley to third
|
|
Batting: SHB Dan Lash
|
0-0: Foul Ball, location: 2F 0-1: Called Strike 0-2: Ball 1-2: Ball 2-2: Ball 3-2: Ground out U3 (Groundball, 3, EV 100.0 MPH)
|
| Bottom of the 7th over - 1 run, 2 hits, 0 errors, 2 left on base; El Paso 2 - Memphis 9 |
| TOP OF THE 8TH |
|
El Paso Chihuahuas batting - Pitching for Memphis Redbirds : RHP Sean Hartgrove
|
|
Batting: RHB Jose Morrissey
|
0-0: Ball 1-0: Ground out 5-3 (Groundball, 56, EV 104.4 MPH)
|
|
Batting: LHB Hugo MacBeth
|
0-0: Ball 1-0: Ball 2-0: Called Strike 2-1: Called Strike 2-2: Foul Ball, location: 2F 2-2: SINGLE (Line Drive, 6D, EV 103.1 MPH)
|
|
Batting: RHB Chase Briney
|
0-0: Foul Ball, location: 2F 0-1: Grounds into double play, 5-4-3 (Groundball, 25, EV 82.5 MPH)
|
| Top of the 8th over - 0 runs, 1 hit, 0 errors, 0 left on base; El Paso 2 - Memphis 9 |
| BOTTOM OF THE 8TH |
|
Memphis Redbirds batting - Pitching for El Paso Chihuahuas : RHP Adrian de la Cerda
|
|
Batting: LHB Colin Worthington
|
0-0: Swinging Strike 0-1: SINGLE (Groundball, 25, EV 68.8 MPH) (infield hit)
|
|
Batting: LHB Ronnie Ashley
|
0-0: Fly out, F8 (Flyball, 8LM, EV 94.4 MPH)
|
|
Pinch Hitting: RHB Josh Martin
|
0-0: Ball 1-0: Grounds into double play, 6-4-3 (Groundball, 6, EV 87.5 MPH)
|
| Bottom of the 8th over - 0 runs, 1 hit, 0 errors, 0 left on base; El Paso 2 - Memphis 9 |
| TOP OF THE 9TH |
|
El Paso Chihuahuas batting - Pitching for Memphis Redbirds : RHP Sean Hartgrove
|
|
Now at SS: Josh Martin
|
|
|
Batting: RHB Eric Sandell
|
0-0: Called Strike 0-1: Foul Ball, location: 2F 0-2: Foul Ball, location: 2F 0-2: Ball 1-2: Ball 2-2: Ball 3-2: Ground out 5-3 (Groundball, 56S, EV 71.2 MPH)
|
|
Batting: LHB Anthony Mosley
|
0-0: Swinging Strike 0-1: Ball 1-1: Foul Ball, location: 2F 1-2: Strikes out looking
|
|
Batting: RHB Lamberto Amicis
|
0-0: Called Strike 0-1: Ball 1-1: Foul Ball, location: 2F 1-2: Ground out 6-3 (Groundball, 6, EV 91.2 MPH)
|
| Top of the 9th over - 0 runs, 0 hits, 0 errors, 0 left on base; El Paso 2 - Memphis 9 |
|